Map: Proxima Station LE

Players

Kelazhur - Winner!

  • Race: Terran Terran
  • Spawn Location: 1:00

Oobios

  • Race: Zerg Zerg
  • Spawn Location: 7:00

Event: WCS Austin 2017

VOD

Have the link to the VOD?

Description

Time

  • Played on: April 28, 2017, 1:25 p.m.
  • Length: 4:08

All games in this series

Show
View Real Time Build Order
Export as new Build Order

Kelazhur Terran - Winner!

Build Orders:  

Get SALT Encoding   

  12  0:00  SCV  
  13  0:13  SCV  
  14  0:18  Supply Depot  
  14  0:25  SCV  
  15  0:39  SCV  
  15  0:40  Barracks  
  16  0:44  Refinery  
  16  0:51  SCV  
  17  0:59  Barracks  
  17  1:03  SCV  
  18  1:16  SCV  
  19  1:20  Barracks  
  19  1:27  Reaper  
  19  1:30  Refinery  
  20  1:42  Orbital Command  
  20  1:47  Reaper  
  21  1:54  Supply Depot  
  21  1:59  Reaper  
  23  2:09  Reaper  
  23  2:16  SCV  
  23  2:19  Reaper  
  25  2:23  Supply Depot  
  25  2:31  Reaper, SCV  
  27  2:41  Reaper  
  27  2:43  SCV  
  29  2:51  Reaper  
  30  2:55  SCV  
  31  3:03  Reaper  
  32  3:07  SCV  
  33  3:13  Reaper  
  33  3:18  Command Center  
  33  3:19  SCV  
  33  3:23  Reaper  
  34  3:35  Reaper  
  34  3:37  SCV  
  36  3:48  Supply Depot  
Show
View Real Time Build Order
Export as new Build Order

Oobios Zerg 

Build Orders: Hatch First 

Get SALT Encoding   

  12  0:00  Drone  
  13  0:08  Drone  
  14  0:17  Overlord  
  14  0:25  Drone, Extractor  
  15  0:35  Drone x2  
  17  0:44  Drone  
  18  0:57  Hatchery  
  18  1:00  Drone  
  18  1:13  Spawning Pool  
  18  1:16  Extractor  
  17  1:18  Drone  
  17  1:21  Drone  
  18  1:31  Overlord  
  18  1:44  Drone  
  19  2:00  Queen  
  19  2:01  Zergling x4  
  23  2:09  Queen  
  23  2:10  Drone x2  
  27  2:20  Drone x2  
  29  2:36  Drone  
  30  2:37  Drone  
  29  2:44  Drone  
  29  2:46  Metabolic Boost  
  30  2:54  Drone  
  30  2:55  Zergling x4  
  31  3:03  Queen x2  
  35  3:09  Zergling x2  
  35  3:10  Zergling x4  
  36  3:18  Overlord  
  36  3:20  Roach Warren  
  36  3:26  Drone  
  35  3:29  Drone  
  35  3:34  Zergling x6  
  34  3:35  Zergling x2  
  34  3:39  Zergling x2  
  34  3:43  Drone  
  33  3:49  Zergling x2  
Tags
 
Add a new tag
Caveats
  • Supply blocks, unpowered buildings, or Contaminate may cause inaccurate times.
  • Supply counts are checked every 10 seconds.